 Dungeon Sprint DCSS version 0.22.1-1-ga44c0e56f4 (webtiles) character file.

39456 MuseOD the Unseen (level 12, -3/71 HPs)
             Began as a Spriggan Enchanter on Sept 30, 2018.
             Was the Champion of Dithmenos.
             Slain by an azure jelly (6 damage)
             ... in the Dungeon (Sprint III: "The Ten Rune Challenge").
             The game lasted 00:12:38 (5092 turns).

MuseOD the Unseen (Spriggan Enchanter)              Turns: 5092, Time: 00:12:38

Health: -3/71      AC:  4    Str:  4    XL:     12   Next: 98%
Magic:  29/32      EV: 18    Int: 21    God:    Dithmenos [******]
Gold:   2713       SH:  0    Dex: 15    Spells: 21/42 levels left

rFire    . . .     SeeInvis +   a - +1 dagger
rCold    + . .     Gourm    .   (shield restricted)
rNeg     . . .     Faith    .   t - +2 robe {rC+}
rPois    .         Spirit   .   (helmet restricted)
rElec    .         Reflect  .   (no cloak)
rCorr    .         Harm     .   (gloves unavailable)
MR       ++...     NoTele   +   (boots unavailable)
Stlth    ++++++++..             (no amulet)
HPRegen  0.21/turn              (no ring)
MPRegen  0.23/turn              (no ring)

@: very slightly contaminated, wreathed by umbra, studying Poison Magic,
invisible, slow
A: very small, unfitting armour, see invisible, clumsy 1, herbivore, speed 3,
slow metabolism 2
}: 1/10 runes: decaying
a: Shadow Step, Shadow Form, Renounce Religion


You were in the Dungeon.
You worshipped Dithmenos.
Dithmenos was exalted by your worship.
You were hungry.

You visited 1 branch You collected 3663 gold pieces.
You spent 950 gold pieces at shops.

Inventory:

Hand Weapons
 a - a +1 dagger (weapon)
Armour
 b - a +0 robe
 t - a +2 robe of cold resistance (worn)
 x - a +1 hat of magic resistance
Wands
 s - a wand of polymorph (15)
Scrolls
 c - a scroll of immolation {unknown}
 k - a scroll of fog {unknown}
 l - a scroll of magic mapping {unknown}
 o - 2 scrolls of remove curse {unknown}
 p - 5 scrolls of identify {unknown}
 r - 3 scrolls of torment {unknown}
 v - a scroll of amnesia {unknown}
Potions
 e - 3 potions of curing
 f - a potion of invisibility {unknown}
 g - 2 potions of haste
 h - 4 potions of magic
 i - a potion of berserk rage
 m - a potion of might
 n - 5 potions of mutation
 q - a potion of flight {unknown}
 w - a potion of degeneration {unknown}
 z - a potion of agility {unknown}
Books
 u - a manual of Poison Magic
Comestibles
 d - 5 rations


   Skills:
 + Level 12.0 Fighting
 * Level 20.2 Short Blades
 - Level 3.0 Dodging
 + Level 20.4 Stealth
 + Level 15.5 Spellcasting
 + Level 6.1 Conjurations
 + Level 15.5 Hexes


You had 21 spell levels left.
You knew the following spells:

 Your Spells              Type           Power        Failure   Level  Hunger
a - Corona                Hex            ######.      0%          1    None
b - Ensorcelled Hibernat  Hex/Ice        #####.       1%          2    None
c - Confuse               Hex            ######..     1%          3    None
d - Dazzling Spray        Conj/Hex       ######       1%          3    None
e - Tukima's Dance        Hex            ######..     1%          3    None
f - Invisibility          Hex            ######..     1%          6    #####..
g - Mephitic Cloud        Conj/Pois/Air  ###.....     4%          3    None

Your spell library contained the following spells:

 Spells                   Type           Power        Failure   Level  Hunger
 Confusing Touch          Hex            ######       0%          1    None
 Slow                     Hex            ######..     0%          2    None
 Magic Dart               Conj           ####         1%          1    None
 Darkness                 Hex            ######....   1%          6    #####..
 Conjure Flame            Conj/Fire      ####....     3%          3    None
 Metabolic Englaciation   Hex/Ice        #####.....   4%          5    ###....
 Yara's Violent Unravell  Hex/Tmut       #####.....   4%          5    ###....
 Blink                    Tloc           N/A          5%          2    None
 Call Imp                 Summ           ###.....     5%          2    None
 Passwall                 Tmut/Erth      ###.....     5%          2    None
 Swiftness                Chrm/Air       ###.....     5%          2    None
 Gell's Gravitas          Tloc           ###.......   11%         3    None
 Passage of Golubria      Tloc           N/A          36%         4    None
 Petrify                  Tmut/Erth      ###.....     36%         4    None
 Lee's Rapid Deconstruct  Erth           ###.......   71%         5    ###....


Dungeon Overview and Level Annotations

Branches:
Dungeon (1/1)

Altars:
Dithmenos
Elyvilon
Fedhas
Kikubaaqudgha
Okawaru
Qazlal
Ru
Sif Muna
Trog
Uskayaw
Vehumet
Wu Jian
Yredelemnul
Zin
The Shining One
Beogh

Shops:
D }?[:


Innate Abilities, Weirdness & Mutations

You are very small and have problems with some larger weapons.
You are too small for most types of armour.
You have supernaturally acute eyesight. (SInv)
You are a herbivore.
You cover ground extremely quickly.
You need to consume almost no food.
You are clumsy. (Dex -2)


Message History

Your shadow mimicks your spell!
The azure jelly resists with almost no effort.
The azure jelly jiggles.
Blink to where?
Press: ? - help, Dir - move target cursor, p - azure jelly
As you read the scroll of blinking, it crumbles to dust.
The azure jelly hits the plant.
The azure jelly freezes the plant!!
The azure jelly hits the plant.
The azure jelly freezes the plant!!
The plant is destroyed!
You see here a dire elephant corpse.
There is an open door here.
Why would you want to do that?
You close the door.
You hear a slurping noise.
The azure jelly eats the door!
You enter the shallow water.
Moving in this stuff is going to be slow. ...and don't expect to remain undetected.
The azure jelly hits you.
You die...

###..##...##...†.#...# #.
#..##....#......#'### #.
#..###..##.#.....#.))# #.
#(. #.. ####....#___#__+.
▓▓▓▓▓▓▓▓▓▓▓▓▓▓▓▓▓▓▓▓▓▓▓▓▓▓
▓.§.+.≈§§§§§§≈♣♣.....♣♣♣♣≈
▓.J.#≈≈§§§§§≈≈♣♣.≈≈≈≈'♣♣'♣
▓.PP#≈≈.§§§§≈≈÷'....÷#.≈♣♣
▓..P#≈.≈§@§§≈≈♣♣♣♣♣♣♣#..♣♣
▓...#.≈≈J≈§≈§≈♣ ###'♣
▓##†####.#######♣ ♣♣♣♣.#
▓..JJ†.J....)...♣ ♣...##
▓#'#############+ ♣♣.##.
▓...# ♣..#. ▓...+ ♣♣.##
▓...# ♣♣.## ▓...# ♣....


You could see 2 azure jellies.

Vanquished Creatures
  the Lernaean hydra (D)
  Rupert (D)
  Gastronok (D)
  Dowan (D)
  2 dire elephants (D)
  2 yaktaur captains (D)
  3 hydras (D)
  A centaur warrior (D)
  Erica (D)
  Urug (D)
  An orc high priest (D)
  An unseen horror (D)
  A spriggan druid (D)
  A death drake (D)
  An orc knight (D)
  A lindwurm (D)
  A deep elf mage (D)
  2 elephants (D)
  2 spiny frogs (D)
  Duvessa (D)
  A rime drake (D)
  A komodo dragon (D)
  A yaktaur (D)
  3 wandering mushrooms (D)
  2 tyrant leeches (D)
  5 blink frogs (D)
  2 spriggans (D)
  3 redbacks (D)
  A shadow (D)
  A spatial vortex (D)
  3 swamp drakes (D)
  5 orc warriors (D)
  A necrophage (D)
  A fire dragon simulacrum (D)
  2 centaurs (D)
  An earth elemental (D)
  A water elemental (D)
  An electric eel (D)
  A jelly (D)
  An orc priest (D)
  A wizard (D)
  A necromancer (D)
  3 wolf simulacra (D)
  3 humans (D)
  A kobold demonologist (D)
  An ooze (D)
  A phantom (D)
  10 orcs (D)
  3 rats (D)
  2 plants (D)
89 creatures vanquished.

Vanquished Creatures (others)
  2 draconian scorchers (D)
  6 hellions (D)
  3 yaktaurs (D)
  A plant (D)
12 creatures vanquished.

Grand Total: 101 creatures vanquished

Notes
Turn   | Place    | Note
-------+----------+-------------------------------------------
     0 | D        | MuseOD the Spriggan Enchanter began the quest for the Orb.
     0 | D        | Reached XP level 1. HP: 9/9 MP: 5/5
    11 | D        | Reached skill level 1 in Fighting
    11 | D        | Reached skill level 5 in Stealth
    48 | D        | Reached XP level 2. HP: 14/14 MP: 6/6
    99 | D        | Learned a level 2 spell: Ensorcelled Hibernation
   115 | D        | Killed a yaktaur
   122 | D        | Killed a hellion
   123 | D        | Killed a hellion
   160 | D        | Killed a hellion
   160 | D        | Killed a hellion
   161 | D        | Killed a hellion
   161 | D        | Killed a hellion
   233 | D        | Killed a white draconian scorcher
   379 | D        | Killed a white draconian scorcher
   810 | D        | Reached XP level 3. HP: 14/18 MP: 5/8
   885 | D        | Noticed a water elemental
   888 | D        | Killed a water elemental
   888 | D        | Reached XP level 4. HP: 24/24 MP: 9/9
   896 | D        | Found a basalt altar of Yredelemnul.
   896 | D        | Found a shadowy altar of Dithmenos.
   896 | D        | Found a sacrificial altar of Ru.
   896 | D        | Noticed a necrophage
   913 | D        | Learned a level 3 spell: Confuse
   929 | D        | Killed a necrophage
   929 | D        | Reached XP level 5. HP: 30/30 MP: 0/10
   951 | D        | Became a worshipper of Dithmenos the Shadowed
  1032 | D        | Found a hide-covered altar of Uskayaw.
  1032 | D        | Found an iron altar of Okawaru.
  1033 | D        | Found a roughly hewn altar of Beogh.
  1033 | D        | Found a bloodstained altar of Trog.
  1033 | D        | Found an ornate altar of the Wu Jian Council.
  1033 | D        | Noticed a human
  1033 | D        | Noticed a human
  1045 | D        | Killed a human
  1045 | D        | Reached skill level 5 in Fighting
  1045 | D        | Reached skill level 10 in Stealth
  1045 | D        | Reached XP level 6. HP: 12/35 MP: 1/13
  1132 | D        | Killed a human
  1132 | D        | Reached skill level 10 in Short Blades
  1132 | D        | Reached skill level 5 in Spellcasting
  1132 | D        | Reached skill level 5 in Hexes
  1367 | D        | Found a glowing silver altar of Zin.
  1367 | D        | Found a glowing golden altar of the Shining One.
  1367 | D        | Found a white marble altar of Elyvilon.
  1367 | D        | Noticed a deep elf mage
  1371 | D        | Killed a deep elf mage
  1371 | D        | Reached * piety under Dithmenos
  1371 | D        | Reached XP level 7. HP: 40/40 MP: 11/18
  1442 | D        | Found a radiant altar of Vehumet.
  1443 | D        | Found a deep blue altar of Sif Muna.
  1443 | D        | Found an ancient bone altar of Kikubaaqudgha.
  1463 | D        | Noticed a shadow
  1467 | D        | Killed a shadow
  1467 | D        | Reached ** piety under Dithmenos
  1467 | D        | Reached XP level 8. HP: 45/45 MP: 16/20
  1501 | D        | Learned a level 3 spell: Dazzling Spray
  1505 | D        | Learned a level 3 spell: Tukima's Dance
  1534 | D        | Noticed Erica
  1536 | D        | Killed Erica
  1562 | D        | Noticed a centaur warrior
  1564 | D        | Reached *** piety under Dithmenos
  1572 | D        | Killed a centaur warrior
  1572 | D        | Reached XP level 9. HP: 41/51 MP: 18/23
  1679 | D        | Noticed an unseen horror
  1681 | D        | Killed an unseen horror
  1681 | D        | Reached skill level 10 in Spellcasting
  1681 | D        | Reached skill level 10 in Hexes
  1684 | D        | Noticed Dowan
  1684 | D        | Noticed Duvessa
  1690 | D        | Killed Duvessa
  1690 | D        | Reached **** piety under Dithmenos
  1690 | D        | Reached skill level 15 in Stealth
  1697 | D        | Killed Dowan
  1697 | D        | Reached skill level 15 in Short Blades
  1697 | D        | Reached XP level 10. HP: 55/57 MP: 18/26
  1802 | D        | Noticed a yaktaur captain
  1893 | D        | Noticed a yaktaur captain
  1924 | D        | Killed a yaktaur captain
  2152 | D        | Killed a yaktaur captain
  2192 | D        | Reached ***** piety under Dithmenos
  2211 | D        | Noticed a spiny frog
  2211 | D        | Noticed a spiny frog
  2219 | D        | Killed a spiny frog
  2221 | D        | Reached XP level 11. HP: 46/63 MP: 16/28
  2445 | D        | Noticed a lindwurm
  2448 | D        | Killed a lindwurm
  2448 | D        | Reached skill level 10 in Fighting
  2450 | D        | Reached ****** piety under Dithmenos
  2456 | D        | Noticed Urug
  2467 | D        | Killed Urug
  2825 | D        | Noticed a six-headed hydra
  2825 | D        | Noticed a five-headed hydra
  2827 | D        | Killed a five-headed hydra
  2827 | D        | Reached skill level 1 in Conjurations
  2828 | D        | Killed a six-headed hydra
  2836 | D        | Noticed a death drake
  2839 | D        | Killed a death drake
  2856 | D        | Found a blossoming altar of Fedhas.
  2856 | D        | Noticed a spriggan druid
  2861 | D        | Killed a spriggan druid
  3340 | D        | Found Doagomp's Magic Scroll Emporium.
  3342 | D        | Found Echucze's Antique Armour Shop.
  3360 | D        | Found Fafi's Book Shoppe.
  3462 | D        | Found Bamuwein's Gadget Shop.
  3462 | D        | Noticed an orc high priest
  3462 | D        | Noticed an orc knight
  3507 | D        | Killed an orc knight
  3685 | D        | Killed an orc high priest
  3819 | D        | Found a blossoming altar of Fedhas.
  3819 | D        | Found a stormy altar of Qazlal.
  4014 | D        | Bought a book of Burglary for 750 gold pieces
  4014 | D        | Bought a book of Minor Magic for 200 gold pieces
  4021 | D        | Learned a level 6 spell: Invisibility
  4025 | D        | Learned a level 3 spell: Mephitic Cloud
  4285 | D        | Noticed a six-headed hydra
  4285 | D        | Noticed the 27-headed Lernaean hydra
  4288 | D        | Killed the 27-headed Lernaean hydra
  4288 | D        | Reached XP level 12. HP: 65/70 MP: 19/31
  4291 | D        | Killed a six-headed hydra
  4294 | D        | Got a decaying rune of Zot
  4417 | D        | Gained mutation: You are clumsy. (Dex -2) [mutagenic glow]
  5028 | D        | Noticed Rupert
  5032 | D        | Killed Rupert
  5032 | D        | Reached skill level 15 in Spellcasting
  5032 | D        | Reached skill level 5 in Conjurations
  5032 | D        | Reached skill level 15 in Hexes
  5039 | D        | Noticed an azure jelly
  5039 | D        | Noticed an azure jelly
  5039 | D        | Noticed an azure jelly
  5039 | D        | Noticed an azure jelly
  5041 | D        | Noticed a dire elephant
  5041 | D        | Noticed a dire elephant
  5041 | D        | Noticed Gastronok
  5043 | D        | Killed Gastronok
  5053 | D        | Killed a dire elephant
  5060 | D        | Killed a dire elephant
  5079 | D        | HP: 1/71 [azure jelly (12)]
  5092 | D        | Slain by an azure jelly

Skill      XL: |  1  2  3  4  5  6  7  8  9 10 11 12 |
---------------+-------------------------------------+-----
Fighting       | 1 2 3 4 5 6 7 8 9 11 12 | 12.0
Short Blades   | 3 4 6 8 9 11 12 14 15 16 19 20 | 20.2
Stealth        | 5 6 8 9 10 12 14 15 17 19 20 | 20.4
Spellcasting   | 4 6 7 9 11 12 14 15 | 15.5
Hexes          | 4 7 9 11 12 14 15 | 15.5
Conjurations   | 4 6 |  6.1
Dodging        | |  3.0

Action                   |  1- 3 |  4- 6 |  7- 9 | 10-12 || total
-------------------------+-------+-------+-------+-------++-------
Melee: Dagger            |    50 |    13 |    22 |   397 ||   482
 Cast: Ensorcelled Hiber |    12 |     5 |     3 |    10 ||    30
       Corona            |     5 |       |       |       ||     5
       Confuse           |       |     7 |     2 |    32 ||    41
       Dazzling Spray    |       |       |     2 |     6 ||     8
       Invisibility      |       |       |       |     5 ||     5
Invok: Shadow Step       |       |       |       |     5 ||     5
  Use: Potion            |       |       |       |     1 ||     1
       Scroll            |       |       |       |     1 ||     1
 Stab: Sleeping          |     6 |     2 |     8 |    32 ||    48
       Confused          |       |     4 |     3 |    11 ||    18
       Invisible         |       |       |     3 |    13 ||    16
  Eat: Ration            |       |       |       |     3 ||     3
Armor: Robe              |     3 |       |       |     2 ||     5
Dodge: Dodged            |    35 |     9 |    10 |    52 ||   106
